 Dungeon Crawl Stone Soup version 0.28.0-43-g3370ac3207 (webtiles) character file.

Game seed: 4182583929673460267

63 croobank the Sneak (level 3, -3/14 HPs)
             Began as a Felid Fire Elementalist on Mar 5, 2022.
             Slain by a kobold brigand
             ... wielding a +0 short sword
              (9 damage)
             ... in a sewer.
             The game lasted 00:06:45 (2731 turns).

croobank the Sneak (Felid Fire Elementalist)        Turns: 2731, Time: 00:06:45

Health: -3/14      AC:  1    Str:  4    XL:     3   Next: 87%
Magic:  1/8        EV: 18    Int: 18    God:
Gold:   41         SH:  0    Dex: 16    Spells: 0/7 levels left
                                        Lives:  0   Deaths: 1

rFire   . . .      SeeInvis +   (weapon unavailable)
rCold   . . .      Faith    .   (shield unavailable)
rNeg    . . .      Spirit   .   (armour unavailable)
rPois   .          Reflect  .   (helmet unavailable)
rElec   .          Harm     .   (cloak unavailable)
rCorr   .          Rampage  .   (gloves unavailable)
Will    .....                   (boots unavailable)
Stlth   +++.......              (no amulet)
HPRegen 0.04/turn               (no ring)
MPRegen 0.11/turn               (no ring)

@: quick
A: very small, claws 1, fangs 3, see invisible, speed 1, shaggy fur 1, stealthy
paws, no weapons or thrown items, no armour, multi-lived
a: no special abilities


You were in a sewer.
You visited 1 branch of the dungeon, and saw 3 of its levels.
You also visited: Sewer.

You collected 91 gold pieces.
You spent 50 gold pieces at shops.

Inventory:

Missiles
 b - 78 stones
Wands
 h - a wand of paralysis (8)
Potions
 a - 3 potions of heal wounds
 c - a potion of haste {unknown}
 d - 2 potions of lignification {unknown}
 f - 2 potions of curing
 g - 2 potions of degeneration {unknown}
 i - a potion of flight {unknown}


   Skills:
 + Level 3.6 Dodging
 + Level 3.9 Stealth
 + Level 2.6 Spellcasting
 + Level 1.9 Conjurations
 + Level 3.2 Fire Magic


You couldn't memorise any spells.
You knew the following spells:

 Your Spells              Type           Power      Damage    Failure   Level
a - Foxfire               Conj/Fire      44%        2x1d6     6%          1
b - Scorch                Fire           28%        2d6       7%          2
c - Flame Wave            Conj/Fire      11%        2d5       50%         4

Your spell library contained the following spells:

 Spells                   Type           Power      Damage    Failure   Level
 Conjure Flame            Conj/Fire      11%        6-21      17%         3
 Inner Flame              Hex/Fire       8%         N/A       26%         3


Dungeon Overview and Level Annotations

Branches:
Dungeon (3/15)              Sewer (1/1)

Altars:
Ashenzari
Zin

Shops:
D:2 *


Innate Abilities, Weirdness & Mutations

You have sharp claws.
You have razor-sharp teeth.
You have supernaturally acute eyesight. (SInv)
You cover ground quickly. (Speed+)
You are covered in fur. (AC +1)
Your paws help you pounce on unaware monsters.
You are incapable of wielding weapons or throwing items.
You cannot wear armour.
You gain extra lives every three experience levels.


Message History

The kobold brigand completely misses you.
You scratch the kobold brigand but do no damage.
The kobold brigand is severely wounded.
The kobold brigand hits you with a +0 short sword!
Ouch! That really hurt!
Your magical contamination has completely faded away.
You feel much better. The kobold brigand barely misses you.
You scratch the kobold brigand.
The kobold brigand is severely wounded.
The kobold brigand hits you with a +0 short sword.
You closely miss the kobold brigand.
The kobold brigand is severely wounded.
The kobold brigand barely misses you.
Unknown command.
You scratch the kobold brigand but do no damage.
The kobold brigand is severely wounded.
The kobold brigand barely misses you.
You miss the kobold brigand.
The kobold brigand is severely wounded.
The kobold brigand hits you with a +0 short sword.
Casting: Scorch (safe; 7% risk of failure)
Confirm with . or Enter, or press ? or * to list all spells.
You conjure some foxfire!
The kobold brigand closely misses you.
You barely miss the kobold brigand.
The kobold brigand is severely wounded.
The foxfire hits the kobold brigand.
The kobold brigand is burned terribly!
The kobold brigand is almost dead.
The kobold brigand barely misses you.
You scratch the kobold brigand.
The kobold brigand is almost dead.
The kobold brigand misses you.
You scratch the kobold brigand but do no damage.
The kobold brigand is almost dead.
The kobold brigand is no longer more vulnerable to fire.
The kobold brigand hits you with a +0 short sword.
You barely miss the kobold brigand.
The kobold brigand is almost dead.
The kobold brigand hits you with a +0 short sword!
Ouch! That really hurt!
You die...

### #### ###.####..####
#####............#
###................P
#..@...........P.... ####
##.KP......P.........
#!...#P).P............P...
#....')≈≈...≈≈≈.......≈.≈.
#!∩..'≈≈....≈≈≈≈≈≈...≈P≈≈≈
#..?.#≈≈≈.P≈P≈≈P≈P..≈≈≈P≈≈
##############≈#######≈#≈#
≈≈≈≈≈ ≈≈≈≈≈≈ ≈≈≈≈≈≈≈
≈≈≈≈≈≈≈


You could see a kobold brigand.

Vanquished Creatures
  3 gnolls (D:2)
  2 adders (D:3)
  A worm (D:2)
  A dart slug (D:3)
  An orc (D:3)
  6 endoplasms
  5 giant cockroaches
  2 hobgoblins (D:2)
  6 jackals (D:1)
  A quokka (D:3)
  6 ball pythons
  6 bats
  3 frilled lizards
  2 goblins (D:1)
  6 kobolds
  2 rats
53 creatures vanquished.

Vanquished Creatures (collateral kills)
  A foxfire (Sewer)
1 creature vanquished.

Vanquished Creatures (others)
  93 foxfires
93 creatures vanquished.

Grand Total: 147 creatures vanquished

Notes
Turn   | Place    | Note
-------+----------+-------------------------------------------
     0 | D:1      | croobank the Felid Fire Elementalist began the quest for
                  | the Orb.
     0 | D:1      | Reached XP level 1. HP: 7/7 MP: 4/4
    45 | D:1      | Reached skill level 1 in Conjurations
   213 | D:1      | Reached XP level 2. HP: 11/11 MP: 3/6
   246 | D:1      | Learned a level 2 spell: Scorch
   960 | D:2      | Reached XP level 3. HP: 8/14 MP: 3/7
  1369 | D:2      | Found a faded altar of an unknown god.
  1487 | D:2      | Found Ysoh's General Store.
  1490 | D:2      | Bought a potion of heal wounds for 50 gold pieces
  1931 | D:2      | Reached XP level 4. HP: 18/18 MP: 6/8
  1936 | D:2      | Learned a level 4 spell: Flame Wave
  2334 | D:3      | Mangled by a wyvern zombie
  2335 | D:3      | Reached XP level 3. HP: -10/14 MP: 5/7
  2401 | D:3      | Found a glowing silver altar of Zin.
  2402 | D:3      | Found a broken altar of Ashenzari.
  2471 | D:3      | Found a glowing drain.
  2536 | Sewer    | Entered a sewer
  2710 | Sewer    | Noticed a kobold brigand
  2731 | Sewer    | Slain by a kobold brigand

Illustrated notes

Levels and vault maps discovered:
D:1:      saegor_arrival_miasma, layout_basic
D:2:      layout_basic, serial_shops, nicolae_shop_behind_doors,
          serial_corexii_hall, chequers_hall_statues_wall_a,
          corexii_hall_statues_l, corexii_hall_statues_i,
          corexii_hall_statues_i, shapermc_ecumenical_altar_venn,
          nicolae_concentric_dashed_squares_mild
D:3:      layout_loops_ring, chequers_temple_overflow_statue_of_worship,
          gup_sewer_entry_bowl, uniq_natasha
Sewer:    kennysheep_pipe_town

Skill      XL: |  1  2  3 |
---------------+----------+-----
Conjurations   | 1 |  1.9
Stealth        | 3 |  3.9
Dodging        | 3 |  3.6
Fire Magic     | 3 |  3.2
Spellcasting   | |  2.6

Action                   |  1- 3 |  4- 6 || total
-------------------------+-------+-------++-------
Melee: Unarmed           |    54 |     3 ||    57
       Bite              |     7 |       ||     7
 Cast: Foxfire           |    53 |     4 ||    57
       Scorch            |    18 |     1 ||    19
  Use: Scroll            |     2 |     3 ||     5
       Potion            |     1 |       ||     1
Armor: Skin              |     2 |       ||     2
Dodge: Dodged            |    59 |     1 ||    60
